 Dungeon Crawl Stone Soup version 0.26-a0-935-g3624241d3c (webtiles) character file.

Game seed: 12441575493722236490

66356 reriks the Blocker (level 15, -2/119 HPs)
             Began as a Gnoll Fighter on Nov 27, 2020.
             Was the Champion of Cheibriados.
             Slain by an emperor scorpion (4 damage)
             ... on level 4 of the Spider Nest.
             The game lasted 00:17:16 (25455 turns).

reriks the Blocker (Gnoll Fighter)                 Turns: 25455, Time: 00:17:17

Health: -2/119     AC: 19    Str: 42    XL:     15   Next: 19%
Magic:  28/28      EV: 20    Int: 26    God:    Cheibriados [******]
Gold:   1092       SH: 16    Dex: 28    Spells: 33/33 levels left

rFire    + + .     SeeInvis .   o - +6 long sword of the Protecting Boar {vorpal, +Fly rPois Int-4}
rCold    . . .     Faith    .   c - +0 kite shield
rNeg     . . .     Spirit   .   J - +0 fire dragon scales of Surprise {*Slow rF++ rC- Str+5 Int+2}
rPois    +         Reflect  .   K - +2 hood of the Assassin {Detection Stab+ Stlth++}
rElec    +         Harm     .   x - +0 cloak
rCorr    +         Rampage  .   g - +1 pair of gloves
MR       ++...                  I - +0 pair of boots
Stlth    ++++++....             a - amulet of Relativism {RegenMP rElec rC+ MR+ Dex-2}
HPRegen  0.29/turn              P - +4 ring of slaying
MPRegen  0.46/turn              z - ring of resist corrosion

@: lethally poisoned (-2 -> -21), very slow
A: distributed training, fangs 1, strong nose
a: Bend Time, Temporal Distortion, Slouch, Step From Time, Renounce Religion,
Evoke Flight


You were on level 4 of the Spider Nest.
You worshipped Cheibriados.
Cheibriados was exalted by your worship.
You visited 6 branches of the dungeon, and saw 23 of its levels.
You also visited: Sewer and Bailey.

You collected 3119 gold pieces.
You spent 2027 gold pieces at shops.

Inventory:

Hand Weapons
 o - the +6 long sword of the Protecting Boar (weapon) {vorpal, +Fly rPois Int-4}
   (You bought it in a shop on level 2 of the Orcish Mines)

   It inflicts extra damage upon your enemies.
   It affects your intelligence (-4).
   It protects you from poison.
   It lets you fly.
 w - the +9 dire flail of Unpleasantness {venom, Dex+4}
   (You found it on level 4 of the Lair of Beasts)

   It poisons the flesh of those it strikes.
   It affects your dexterity (+4).
 D - a +2 mace of venom
Armour
 c - a +0 kite shield (worn)
 g - a +1 pair of gloves (worn)
 x - a +0 cloak (worn)
 I - a +0 pair of boots (worn)
 J - the +0 fire dragon scales of Surprise (worn) {*Slow rF++ rC- Str+5 Int+2}
   (You bought it in a shop on level 2 of the Orcish Mines)

   It affects your strength (+5).
   It affects your intelligence (+2).
   It greatly protects you from fire.
   It makes you vulnerable to cold.
   It may slow you when you take damage.
 K - the +2 hood of the Assassin (worn) {Detection Stab+ Stlth++}
   (You found it on level 4 of the Dungeon)

   It makes you much more stealthy.
 U - a +0 crystal plate armour
Jewellery
 a - the amulet of Relativism (around neck) {RegenMP rElec rC+ MR+ Dex-2}
   (You found it on level 2 of the Lair of Beasts)

   [amulet of magic regeneration]

   It increases your magic regeneration.
   It affects your dexterity (-2).
   It protects you from cold.
   It insulates you from electricity.
   It affects your resistance to hostile enchantments.
 b - an uncursed ring of protection from fire
 h - an uncursed amulet of reflection
 z - a ring of resist corrosion (right hand)
 C - a cursed amulet of inaccuracy {unknown}
 M - an uncursed amulet of regeneration {unknown}
 O - a +4 ring of evasion
 P - a +4 ring of slaying (left hand)
 Z - a +4 ring of evasion
Wands
 r - a wand of random effects (75) (quivered)
 t - a wand of iceblast (9)
 E - a wand of flame (34)
 H - a wand of paralysis (7)
 S - a wand of enslavement (19)
 W - a wand of digging (12)
 Y - a wand of polymorph (30)
Scrolls
 f - 6 scrolls of remove curse
 i - 2 scrolls of enchant weapon
 j - 2 scrolls of identify
 m - 7 scrolls of blinking
 s - 4 scrolls of magic mapping
 u - 2 scrolls of amnesia
 y - 9 scrolls of teleportation
 A - 4 scrolls of immolation
 B - a scroll of fear
 N - 3 scrolls of fog
 Q - 3 scrolls of enchant armour
Potions
 d - 5 potions of might
 e - 6 potions of curing
 k - a potion of lignification
 l - 2 potions of cancellation
 n - 2 potions of mutation
 p - a potion of invisibility {unknown}
 q - 3 potions of ambrosia {unknown}
 v - a potion of resistance
 F - 3 potions of flight {unknown}
 G - 2 potions of brilliance {unknown}
 L - a potion of berserk rage {unknown}
 V - a potion of heal wounds {unknown}
 X - 3 potions of attraction {unknown}


   Skills:
 + Level 11.6 Fighting
 + Level 9.8 Short Blades
 + Level 9.8 Long Blades
 + Level 10.8 Axes
 + Level 9.8 Maces & Flails
 + Level 9.8 Polearms
 + Level 9.8 Staves
 + Level 9.8 Slings
 + Level 9.8 Bows
 + Level 9.8 Crossbows
 + Level 9.8 Throwing
 + Level 11.6 Armour
 + Level 9.8 Dodging
 + Level 9.8 Stealth
 + Level 11.6 Shields
 + Level 9.8 Unarmed Combat
 + Level 9.8 Spellcasting
 + Level 8.3 Conjurations
 + Level 8.3 Hexes
 + Level 8.3 Summonings
 + Level 8.3 Necromancy
 + Level 8.3 Translocations
 + Level 8.3 Transmutations
 + Level 8.3 Fire Magic
 + Level 8.3 Ice Magic
 + Level 8.3 Air Magic
 + Level 8.3 Earth Magic
 + Level 8.3 Poison Magic
 + Level 10.7 Invocations
 + Level 9.8 Evocations


You had 33 spell levels left.
You didn't know any spells.
Your spell library contained the following spells:

 Spells                   Type           Power        Failure   Level
 Foxfire                  Conj/Fire      ####         1%          1
 Sting                    Tmut/Pois      ####         1%          1
 Poisonous Vapours        Pois/Air       ######       1%          2
 Confusing Touch          Hex            ######..     1%          3
 Conjure Flame            Conj/Fire      ######..     1%          3
 Gell's Gravitas          Tloc           ######....   1%          3
 Ignite Poison            Fire/Tmut/Pois ######..     1%          3
 Inner Flame              Hex/Fire       ######..     1%          3
 Mephitic Cloud           Conj/Pois/Air  ######..     1%          3
 Olgreb's Toxic Radiance  Pois           ######..     3%          4
 Petrify                  Tmut/Erth      ######..     3%          4
 Sticky Flame             Conj/Fire      ######..     3%          4
 Fireball                 Conj/Fire      ######....   11%         5
 Metabolic Englaciation   Hex/Ice        ######....   11%         5
 Yara's Violent Unravell  Hex/Tmut       ######....   11%         5
 Haunt                    Necr/Summ      ######....   97%         7
 Borgnjor's Revivificati  Necr           ######....   100%        8
 Infestation              Necr           ######....   100%        8
 Necromutation            Tmut/Necr      ######....   100%        8
 Death's Door             Necr           ######....   100%        9


Dungeon Overview and Level Annotations

Branches:
Dungeon (10/15)            Temple (1/1) D:6            Lair (5/6) D:10
 Shoals (0/4) Lair:3       Spider (4/4) Lair:3          Orc (2/2) D:10
    Elf (1/3) Orc:2         Sewer (visited)          Bailey (visited)
  Slime: Lair:5-6

Altars:
Ashenzari
Cheibriados
Dithmenos
Elyvilon
Fedhas
Gozag
Hepliaklqana
Kikubaaqudgha
Makhleb
Nemelex Xobeh
Okawaru
Qazlal
Ru
Sif Muna
Trog
Uskayaw
Vehumet
Wu Jian
Xom
Yredelemnul
Zin
The Shining One
Beogh

Shops:
Orc:2 (?*:

Annotations:
D:5 4 runed translucent doors, Crazy Yiuf; robertstho's ghost, novice GnIE
D:8 3 runed translucent doors, robertstho's ghost, novice TrBe
Lair:2 3 runed translucent doors, Tuin's ghost, journeyman MiBe
Lair:5 exclusion: 4 oklob plants


Innate Abilities, Weirdness & Mutations

Your experience applies equally to all skills.
You have very sharp teeth.
Your uncanny sense of smell can sniff out nearby items.


Message History

You block the demonic crawler's attack.
The demonic crawler hits you but does no damage.
The demonic crawler hits you!
* * * LOW HITPOINT WARNING * * *
The emperor scorpion stings you!
* * * LOW HITPOINT WARNING * * *
The emperor scorpion closely misses you.
The emperor scorpion claws you.
* * * LOW HITPOINT WARNING * * *
You block the demonic crawler's attack. x2; The demonic crawler hits you.
* * * LOW HITPOINT WARNING * * *
* * * LOW HITPOINT WARNING * * *
You feel very sick. You block the demonic crawler's attack.
The demonic crawler hits you.
* * * LOW HITPOINT WARNING * * *
You block the demonic crawler's attack.
You block the emperor scorpion's attack.
The emperor scorpion closely misses you.
The emperor scorpion claws you.
You die...

..##...# #.!..#
.##....## ##...#
..#...).# ##...## ∆
..##....# #....#
..#.....## #...##
..##.....# #...#
...###...# ##..#
..#####..#### ##ss#
###...#.....# #.@.#
#.....##....####..#
.......###....<...#
...#.....#........#
######...##......##
### #.....##.....##
#.###......##.....#
..(.##....######.##
.....#...## ###


You could see an emperor scorpion and a demonic crawler.

Vanquished Creatures
  2 ghost moths (Spider:4)
  2 orc warlords
  Snorg (Orc:1)
  Harold (Lair:2)
  2 hydras
  5 death yaks (D:10)
  3 orc high priests (Orc:2)
  Urug (Lair:2)
  Nergalle (Lair:4)
  6 orc knights (Orc:2)
  3 orb spiders
  7 orc sorcerers
  8 wolf spiders
  18 elephants
  Joseph (D:7)
  Psyche (D:8)
  5 black mambas
  10 cane toads
  A gargoyle (D:10)
  Maggie (D:6)
  6 komodo dragons
  7 demonic crawlers
  6 rime drakes
  3 trolls
  9 jumping spiders
  A hornet (Spider:1)
  2 merfolk (Lair:3)
  9 blink frogs
  Sigmund (D:5)
  28 redbacks
  Grum (D:9)
  3 tarantellas (Spider:1)
  35 yaks
  2 basilisks
  3 wargs (Orc:2)
  9 water moccasins
  Purgy (Sewer)
  3 black bears
  21 orc warriors
  2 ice beasts (D:5)
  7 wolves
  2 phantoms
  7 ogres
  5 centaurs
  A big kobold (D:10)
  A wyvern zombie (D:8)
  10 gnoll sergeants
  21 bullfrogs
  2 scorpions
  A water moccasin skeleton (D:8)
  7 wights
  6 howler monkeys
  2 electric eels (Lair:3)
  2 bullfrog zombies (D:5)
  2 centaur zombies
  19 orc priests
  A jelly (D:9)
  7 hounds
  2 bullfrog skeletons
  A centaur skeleton (D:5)
  7 gnoll shamans
  21 orc wizards
  6 iguanas
  12 worker ants
  A hound skeleton (D:6)
  A howler monkey zombie (D:8)
  A worker ant zombie (D:5)
  29 gnolls
  A howler monkey skeleton (D:8)
  6 adders
  3 shadow imps
  3 white imps
  An ufetubus (D:9)
  An ooze (D:3)
  An adder skeleton (D:4)
  A worm (D:3)
  A dart slug (D:4)
  6 leopard geckos
  77 orcs
  11 giant cockroaches
  13 goblins
  6 hobgoblins
  6 jackals
  15 kobolds
  5 quokkas
  4 ball pythons
  A ball python skeleton (D:5)
  9 bats
  7 frilled lizards
  A quokka skeleton (D:5)
  A quokka zombie (D:5)
  13 rats
608 creatures vanquished.

Vanquished Creatures (others)
  An orc (Orc:1)
  18 fungi
  36 plants
55 creatures vanquished.

Grand Total: 663 creatures vanquished

Notes
Turn   | Place    | Note
-------+----------+-------------------------------------------
     0 | D:1      | reriks the Gnoll Fighter began the quest for the Orb.
     0 | D:1      | Reached XP level 1. HP: 23/23 MP: 1/1
   115 | D:1      | Reached XP level 2. HP: 29/29 MP: 2/2
   571 | D:1      | Reached XP level 3. HP: 35/35 MP: 3/3
   968 | D:2      | Reached skill level 1 in Invocations
  1235 | D:2      | Noticed an ogre
  1246 | D:2      | Killed an ogre
  1247 | D:2      | Reached skill level 1 in Short Blades
  1247 | D:2      | Reached skill level 1 in Long Blades
  1247 | D:2      | Reached skill level 1 in Maces & Flails
  1247 | D:2      | Reached skill level 1 in Polearms
  1247 | D:2      | Reached skill level 1 in Staves
  1247 | D:2      | Reached skill level 1 in Slings
  1247 | D:2      | Reached skill level 1 in Bows
  1247 | D:2      | Reached skill level 1 in Crossbows
  1247 | D:2      | Reached skill level 1 in Throwing
  1247 | D:2      | Reached skill level 1 in Dodging
  1247 | D:2      | Reached skill level 1 in Stealth
  1247 | D:2      | Reached skill level 1 in Unarmed Combat
  1247 | D:2      | Reached skill level 1 in Spellcasting
  1247 | D:2      | Reached skill level 1 in Conjurations
  1247 | D:2      | Reached skill level 1 in Hexes
  1247 | D:2      | Reached skill level 1 in Summonings
  1247 | D:2      | Reached skill level 1 in Necromancy
  1247 | D:2      | Reached skill level 1 in Translocations
  1247 | D:2      | Reached skill level 1 in Transmutations
  1247 | D:2      | Reached skill level 1 in Fire Magic
  1247 | D:2      | Reached skill level 1 in Ice Magic
  1247 | D:2      | Reached skill level 1 in Air Magic
  1247 | D:2      | Reached skill level 1 in Earth Magic
  1247 | D:2      | Reached skill level 1 in Poison Magic
  1247 | D:2      | Reached skill level 1 in Evocations
  1247 | D:2      | Reached XP level 4. HP: 41/41 MP: 4/6
  1247 | D:2      | Reached XP level 5. HP: 47/47 MP: 4/7
  2237 | D:3      | Found a blossoming altar of Fedhas.
  2391 | D:3      | Found a bloodstained altar of Trog.
  2392 | D:3      | Found a glowing golden altar of the Shining One.
  2392 | D:3      | Found an ornate altar of the Wu Jian Council.
  2393 | D:3      | Found a glowing silver altar of Zin.
  2394 | D:3      | Found a sacrificial altar of Ru.
  2642 | D:4      | Reached XP level 6. HP: 46/53 MP: 8/8
  2752 | D:4      | Reached skill level 5 in Axes
  2957 | D:4      | Found a glowing drain.
  2961 | Sewer    | Entered a sewer
  3002 | Sewer    | Noticed Purgy
  3024 | Sewer    | Killed Purgy
  3112 | Sewer    | Reached XP level 7. HP: 59/59 MP: 10/10
  3220 | D:4      | Found a sacrificial altar of Ru.
  3392 | D:4      | Found a blossoming altar of Fedhas.
  3392 | D:4      | Found an ancient bone altar of Kikubaaqudgha.
  3562 | D:4      | Found a stormy altar of Qazlal.
  3610 | D:4      | Found the +2 hood of the Assassin {Detection Stab+ Stlth++}
  4003 | D:5      | Entered Level 5 of the Dungeon
  4200 | D:5      | Noticed Sigmund
  4211 | D:5      | Killed Sigmund
  4222 | D:5      | Reached XP level 8. HP: 42/67 MP: 12/12
  4377 | D:5      | Found a runed translucent gate.
  4377 | D:5      | Found a runed translucent gate.
  4377 | D:5      | Found a runed translucent gate.
  4476 | D:5      | Got a fading dagger
  4477 | D:5      | Identified the cursed +2 dagger of Departure {freeze, rElec
                  | rF+++ rN+ Dex-4} (You found it on level 5 of the Dungeon)
  5008 | D:5      | Noticed robertstho's ghost (novice GnIE)
  5084 | D:5      | Found a runed translucent door.
  5085 | D:5      | Noticed Crazy Yiuf
  5153 | D:5      | Found an ornate altar of the Wu Jian Council.
  5927 | D:6      | Reached XP level 9. HP: 42/72 MP: 14/14
  6352 | D:6      | Noticed Maggie
  6369 | D:6      | Killed Maggie
  6571 | D:6      | Found a staircase to the Ecumenical Temple.
  6785 | Temple   | Entered the Ecumenical Temple
  6908 | Temple   | Became a worshipper of Cheibriados the Contemplative
  7811 | D:7      | Noticed Joseph
  7824 | D:7      | Killed Joseph
  7825 | D:7      | Reached skill level 5 in Invocations
  8050 | D:8      | Reached XP level 10. HP: 59/80 MP: 17/17
  8056 | D:8      | Reached * piety under Cheibriados
  8187 | D:8      | Noticed Psyche
  8193 | D:8      | Killed Psyche
  8194 | D:8      | Reached skill level 5 in Short Blades
  8194 | D:8      | Reached skill level 5 in Long Blades
  8194 | D:8      | Reached skill level 5 in Maces & Flails
  8194 | D:8      | Reached skill level 5 in Polearms
  8194 | D:8      | Reached skill level 5 in Staves
  8194 | D:8      | Reached skill level 5 in Slings
  8194 | D:8      | Reached skill level 5 in Bows
  8194 | D:8      | Reached skill level 5 in Crossbows
  8194 | D:8      | Reached skill level 5 in Throwing
  8194 | D:8      | Reached skill level 5 in Dodging
  8194 | D:8      | Reached skill level 5 in Stealth
  8194 | D:8      | Reached skill level 5 in Unarmed Combat
  8194 | D:8      | Reached skill level 5 in Spellcasting
  8194 | D:8      | Reached skill level 5 in Evocations
  8333 | D:8      | Found a runed translucent gate.
  8333 | D:8      | Found a runed translucent gate.
  8333 | D:8      | Found a runed translucent gate.
  8337 | D:8      | Noticed robertstho's ghost (novice TrBe)
  8756 | D:9      | Noticed Grum
  8763 | D:9      | Killed Grum
  8768 | D:9      | Reached ** piety under Cheibriados
  9372 | D:9      | Found a burning altar of Makhleb.
  9608 | D:9      | Reached *** piety under Cheibriados
  9627 | D:10     | Entered Level 10 of the Dungeon
  9670 | D:10     | Noticed a gargoyle
  9674 | D:10     | Killed a gargoyle
  9697 | D:10     | Found a flagged portal.
  9711 | Bailey   | Entered a bailey
 10142 | Bailey   | Reached XP level 11. HP: 71/87 MP: 19/19
 10362 | Bailey   | Reached **** piety under Cheibriados
 10992 | D:10     | Noticed a death yak
 10993 | D:10     | Noticed a death yak
 10994 | D:10     | Found a staircase to the Lair.
 10994 | D:10     | Noticed a death yak
 10994 | D:10     | Noticed a death yak
 10994 | D:10     | Noticed a death yak
 11007 | D:10     | Killed a death yak
 11008 | D:10     | Reached skill level 5 in Conjurations
 11008 | D:10     | Reached skill level 5 in Hexes
 11008 | D:10     | Reached skill level 5 in Summonings
 11008 | D:10     | Reached skill level 5 in Necromancy
 11008 | D:10     | Reached skill level 5 in Translocations
 11008 | D:10     | Reached skill level 5 in Transmutations
 11008 | D:10     | Reached skill level 5 in Fire Magic
 11008 | D:10     | Reached skill level 5 in Ice Magic
 11008 | D:10     | Reached skill level 5 in Air Magic
 11008 | D:10     | Reached skill level 5 in Earth Magic
 11008 | D:10     | Reached skill level 5 in Poison Magic
 11027 | D:10     | Killed a death yak
 11036 | D:10     | Killed a death yak
 11043 | D:10     | Killed a death yak
 11044 | D:10     | Killed a death yak
 11474 | D:10     | Found a sparkling altar of Nemelex Xobeh.
 11647 | D:10     | Reached ***** piety under Cheibriados
 11922 | D:10     | Found a staircase to the Orcish Mines.
 12101 | Lair:1   | Entered Level 1 of the Lair of Beasts
 12101 | Lair:1   | Noticed a six-headed hydra
 12107 | Lair:1   | Killed a six-headed hydra
 12249 | Lair:1   | Reached XP level 12. HP: 40/96 MP: 22/22
 13291 | Lair:2   | Noticed Harold
 13297 | Lair:2   | Got a slimy crystal amulet
 13321 | Lair:2   | Killed Harold
 13572 | Lair:2   | Identified the amulet of Relativism {RegenMP rElec rC+ MR+
                  | Dex-2} (You found it on level 2 of the Lair of Beasts)
 13643 | Lair:2   | Noticed Tuin's ghost (journeyman MiBe)
 13952 | Lair:2   | Found a runed translucent gate.
 13966 | Lair:2   | Found a runed translucent gate.
 13998 | Lair:2   | Found a runed translucent gate.
 14019 | Lair:2   | Reached ****** piety under Cheibriados
 14026 | Lair:2   | Noticed Urug
 14036 | Lair:2   | Killed Urug
 14037 | Lair:2   | Reached skill level 10 in Fighting
 14037 | Lair:2   | Reached skill level 10 in Armour
 14037 | Lair:2   | Reached skill level 10 in Shields
 14529 | Lair:3   | Reached XP level 13. HP: 42/103 MP: 24/24
 15453 | Lair:3   | Found a staircase to the Shoals.
 15854 | Lair:3   | Found a hole to the Spider Nest.
 16544 | Lair:4   | Noticed Nergalle
 16557 | Lair:4   | Killed Nergalle
 17488 | Lair:4   | Got a crude dire flail
 17489 | Lair:4   | Identified the +9 dire flail of Unpleasantness {venom,
                  | Dex+4} (You found it on level 4 of the Lair of Beasts)
 17939 | Lair:5   | Found a blossoming altar of Fedhas.
 18931 | Spider:1 | Entered Level 1 of the Spider Nest
 18938 | Spider:1 | Reached XP level 14. HP: 111/111 MP: 26/26
 19099 | Spider:1 | Reached skill level 10 in Axes
 19761 | Orc:1    | Entered Level 1 of the Orcish Mines
 19761 | Orc:1    | Noticed an orc warlord
 20287 | Orc:1    | Noticed Snorg
 20294 | Orc:1    | Killed Snorg
 20524 | Orc:1    | Killed an orc warlord
 20686 | Orc:1    | Found a roughly hewn altar of Beogh.
 20977 | Orc:2    | Entered Level 2 of the Orcish Mines
 20977 | Orc:2    | Found a staircase to the Elven Halls.
 20994 | Orc:2    | Noticed an orc warlord
 21013 | Orc:2    | Killed an orc warlord
 21560 | Orc:2    | Paralysed by an orc sorcerer for 7 turns
 21589 | Orc:2    | Reached skill level 10 in Invocations
 22452 | Orc:2    | Found Mewesur's Antique Weapon Emporium.
 22788 | Orc:2    | Found Ynwogir's Assorted Antiques.
 22798 | Orc:2    | Bought a crude long sword for 272 gold pieces
 22800 | Orc:2    | Bought brightly glowing fire dragon scales for 1755 gold
                  | pieces
 22810 | Orc:2    | Identified the +0 fire dragon scales of Surprise {*Slow
                  | rF++ rC- Str+5 Int+2} (You bought it in a shop on level 2
                  | of the Orcish Mines)
 22810 | Orc:2    | Found Jonu Wog's Book Boutique.
 22812 | Orc:2    | Found Wosaamez's Magic Scroll Emporium.
 22894 | Elf:1    | Entered Level 1 of the Elven Halls
 22897 | Orc:2    | Identified the +6 long sword of the Protecting Boar
                  | {vorpal, +Fly rPois Int-4} (You bought it in a shop on
                  | level 2 of the Orcish Mines)
 23666 | Spider:4 | Entered Level 4 of the Spider Nest
 23678 | Spider:4 | Killed a ghost moth
 24137 | Spider:4 | Reached XP level 15. HP: 83/119 MP: 28/28
 24582 | Spider:4 | Killed a ghost moth
 25443 | Spider:4 | Noticed an emperor scorpion
 25455 | Spider:4 | HP: 3/119 [poisoned by an emperor scorpion]
 25455 | Spider:4 | Slain by an emperor scorpion

Illustrated notes

Levels and vault maps discovered:
D:1:      psy_arrival_wood_between_worlds, layout_basic
D:2:      layout_basic, minivault_5
D:3:      layout_rooms, grunt_temple_overflow_open, fedhas_altar_1
D:4:      layout_basic, grunt_temple_overflow_growth_and_decay,
          marbit_many_paths, gup_sewer_entry_bowl, hangedman_ru_absence
D:5:      minmay_bubble_buster, layout_cave_pools, basic_altar,
          gammafunk_ghost_icy, chequers_serial_rivers_small_b,
          minmay_misc_feat_plants, hex_medium, hangedman_minor_gate_pass,
          uniq_sigmund, uniq_crazy_yiuf_cottage
D:6:      layout_rooms, temple_pool_b, uniq_maggie
D:7:      layout_basic, uniq_joseph
D:8:      layout_basic, gammafunk_ghost_spectres, uniq_psyche
D:9:      layout_basic, david_defended_altar_orc, uniq_grum
D:10:     layout_roguey, dpeg_lair_monsters, orc_0_dummy, basic_altar,
          lightli_bailey_entry_fortress
Temple:   jpeg_temple_clearing
Lair:1:   layout_cave_pods
Lair:2:   layout_gridlike, gammafunk_ghost_icy, infiniplex_staircase_pool,
          uniq_urug, uniq_harold
Lair:3:   layout_chaotic_city, elwin_shoals_entry_rooms, spider_nest_entry_webs,
          beast_lair_carwin_6, serial_bayou_shore_a
Lair:4:   layout_layer_cave, chequers_serial_rivers_marsh, uniq_nergalle
Lair:5:   layout_layer_cave, lemuel_oklob_altar, minmay_lair_oklob_chamber
Spider:1: layout_chambers, special_room [special_room_bee], drop_trap,
          uniq_donald
Spider:2: layout_chambers, gammafunk_ghost_necromancy, drop_trap, uniq_azrael
Spider:3: layout_chambers
Spider:4: guppyfry_spider_rune, uniq_nikola
Orc:1:    layout_caves, mines2_david, uniq_snorg
Orc:2:    st_orc_elflike, layout_diamond_mine
Elf:1:    minmay_elf_arrival_summoners, layout_onion_city,
          gammafunk_ghost_berserking_beasts, minmay_elf_necromancy,
          st_stairs_11, serial_sigils_hangedman_gnaw, grunt_ministairs_13

Skill      XL: |  1  2  3  4  5  6  7  8  9 10 11 12 13 14 |
---------------+-------------------------------------------+-----
Invocations    | 1 2 3 4 5 6 7 8 9 10 | 10.7
Short Blades   | 1 2 3 4 5 6 7 8 9 |  9.8
Long Blades    | 1 2 3 4 5 6 7 8 9 |  9.8
Maces & Flails | 1 2 3 4 5 6 7 8 9 |  9.8
Polearms       | 1 2 3 4 5 6 7 8 9 |  9.8
Staves         | 1 2 3 4 5 6 7 8 9 |  9.8
Slings         | 1 2 3 4 5 6 7 8 9 |  9.8
Bows           | 1 2 3 4 5 6 7 8 9 |  9.8
Crossbows      | 1 2 3 4 5 6 7 8 9 |  9.8
Throwing       | 1 2 3 4 5 6 7 8 9 |  9.8
Dodging        | 1 2 3 4 5 6 7 8 9 |  9.8
Stealth        | 1 2 3 4 5 6 7 8 9 |  9.8
Unarmed Combat | 1 2 3 4 5 6 7 8 9 |  9.8
Spellcasting   | 1 2 3 4 5 6 7 8 9 |  9.8
Conjurations   | 1 2 3 4 5 6 7 8 |  8.3
Hexes          | 1 2 3 4 5 6 7 8 |  8.3
Summonings     | 1 2 3 4 5 6 7 8 |  8.3
Necromancy     | 1 2 3 4 5 6 7 8 |  8.3
Translocations | 1 2 3 4 5 6 7 8 |  8.3
Transmutations | 1 2 3 4 5 6 7 8 |  8.3
Fire Magic     | 1 2 3 4 5 6 7 8 |  8.3
Ice Magic      | 1 2 3 4 5 6 7 8 |  8.3
Air Magic      | 1 2 3 4 5 6 7 8 |  8.3
Earth Magic    | 1 2 3 4 5 6 7 8 |  8.3
Poison Magic   | 1 2 3 4 5 6 7 8 |  8.3
Evocations     | 1 2 3 4 5 6 7 8 9 |  9.8
Axes           | 5 6 7 8 9 10 | 10.8
Fighting       | 7 8 9 10 11 | 11.6
Armour         | 7 8 9 10 11 | 11.6
Shields        | 7 8 9 10 11 | 11.6

Action                   |  1- 3 |  4- 6 |  7- 9 | 10-12 | 13-15 || total
-------------------------+-------+-------+-------+-------+-------++-------
Melee: War axe           |   100 |    76 |       |       |       ||   176
       Bite              |     9 |    11 |    52 |   156 |   168 ||   396
       Mace              |       |    55 |   321 |   635 |   225 ||  1236
       Dire flail        |       |       |       |       |   298 ||   298
       Long sword        |       |       |       |       |   152 ||   152
Invok: Slouch            |       |       |       |       |     7 ||     7
Evoke: Wand              |       |       |       |     4 |       ||     4
  Use: Scroll            |       |     8 |    12 |     4 |     4 ||    28
       Potion            |       |       |       |       |     1 ||     1
 Stab: Sleeping          |       |       |    14 |    11 |     7 ||    32
Armor: Scale mail        |    38 |    58 |    89 |    64 |       ||   249
       Crystal plate arm |       |       |       |   156 |   405 ||   561
       Fire dragon scale |       |       |       |       |    99 ||    99
Dodge: Dodged            |    31 |    38 |   103 |   440 |   803 ||  1415
Block: Kite shield       |    93 |   136 |   296 |   865 |   466 ||  1856
       Reflection        |     9 |     9 |     5 |    12 |       ||    35
       Other             |       |       |       |     1 |       ||     1
       Rpst.: Long sword |       |       |       |       |    26 ||    26

Table legend: (Time is in decaauts)
 A = Elapsed time spent in this place.
 B = Non-inter-level travel time spent in this place.
 C = Inter-level travel time spent in this place.
 D = Time resting spent in this place.
 E = Time spent auto-exploring this place.
 F = Levels seen in this place.
 G = Mean time per level.
                   A        B        C        D        E       F      G
               +--------+--------+--------+--------+--------+-----+--------+
         Total |  32849 |  31325 |   1524 |   6868 |  19692 |  25 | 1314.0 |
       Dungeon |  12746 |  12067 |    679 |   2166 |   7641 |  10 | 1274.6 |
        Temple |    142 |    101 |     41 |      0 |     94 |   1 |  142.0 |
          Lair |  11371 |  10725 |    646 |   1177 |   8529 |   5 | 2274.2 |
   Spider Nest |   3679 |   3678 |      1 |   1560 |   1581 |   4 |  919.8 |
  Orcish Mines |   3104 |   2949 |    155 |   1288 |   1190 |   2 | 1552.0 |
   Elven Halls |      1 |      1 |      0 |      0 |      0 |   1 |    1.0 |
         Sewer |    292 |    292 |      0 |     51 |    143 |   1 |  292.0 |
        Bailey |   1511 |   1511 |      0 |    625 |    512 |   1 | 1511.0 |
               +--------+--------+--------+--------+--------+-----+--------+

Top non-repeatable levels by time:
  Lair:3: 2881 daAuts
    D:10: 2554 daAuts
  Lair:4: 2476 daAuts
  Lair:5: 2381 daAuts
Spider:4: 2105 daAuts
   Orc:2: 1884 daAuts
  Lair:1: 1856 daAuts
  Lair:2: 1775 daAuts
     D:5: 1741 daAuts
  Bailey: 1511 daAuts
Spider:1: 1374 daAuts
     D:7: 1242 daAuts
   Orc:1: 1220 daAuts
     D:2: 1188 daAuts
     D:6: 1174 daAuts
